 Dungeon Crawl Stone Soup version 0.30-a0-760-g5a9884bb7c (webtiles) character file.

Game seed: 18231494676261483512

999 barkas the Poker (level 8, 0/51 (63) HPs)
             Began as a Demonspawn Reaver on Feb 10, 2023.
             Was an Initiate of Makhleb.
             Slain by a centaur
             ... wielding a +4 war axe of freezing
              (7 damage)
             ... on level 5 of the Dungeon.
             The game lasted 00:11:17 (5651 turns).

barkas the Poker (Demonspawn Reaver)                Turns: 5651, Time: 00:11:18

HP:   0/51 (63)     AC:  8    Str: 14    XL:     8   Next: 0%
MP:   11/11         EV: 12    Int: 15    God:    Makhleb [......]
Gold: 258           SH:  0    Dex: 12    Spells: 10/11 levels left

rFire   + . .      SeeInvis .    h - +0 trident
rCold   . . .      Faith    .    (no shield)
rNeg    + . .      Spirit   .    s - +2 robe of Honesty {rF+ rN+}
rPois   .          Reflect  .    (no helmet)
rElec   .          Harm     .    c - +0 cloak
rCorr   .          Rampage  .    n - +0 pair of gloves
Will    .....                    (no boots)
Stlth   +                        (no amulet)
HPRegen 0.28/turn                (no ring)
MPRegen 0.24/turn                (no ring)

@: heavily drained
A: thin metallic scales 1, powered by death 1, magic regeneration
a: Renounce Religion


You were on level 5 of the Dungeon.
You worshipped Makhleb.
Makhleb was noncommittal.
You visited 2 branches of the dungeon, and saw 6 of its levels.

You collected 291 gold pieces.
You spent 33 gold pieces at shops.

Inventory:

Hand Weapons
 a - a +0 spear
 f - a +2 quarterstaff of chaos
 h - a +0 trident (weapon)
 w - a +5 club
 x - a +0 scythe
 C - a +0 hand axe
Armour
 c - a +0 cloak (worn)
 n - a +0 pair of gloves (worn)
 s - the +2 robe of Honesty (worn) {rF+ rN+}
   (You found it on level 2 of the Dungeon)

   rF:        It protects you from fire.
   rN:        It protects you from negative energy.
 D - a +3 leather armour
Wands
 p - a wand of mindburst (7)
 t - a wand of light (7)
 v - a wand of paralysis (6)
Scrolls
 b - a scroll of amnesia {unknown}
 d - a scroll of summoning {unknown}
 g - 2 scrolls of magic mapping
 j - 3 scrolls of fog {unknown}
 m - 3 scrolls of blinking {unknown}
 o - a scroll of immolation {unknown}
 u - a scroll of enchant weapon {unknown}
 y - a scroll of teleportation
 z - a scroll of identify
 A - a scroll of noise {unknown}
Potions
 e - 4 potions of curing
 i - 2 potions of degeneration
 k - a potion of heal wounds {unknown}
 l - a potion of attraction
 q - a potion of ambrosia {unknown}
 r - a potion of haste
 B - a potion of brilliance {unknown}


   Skills:
 + Level 5.6 Fighting
 * Level 2.2(5.0) Axes
 - Level 6.9(7.1) Polearms
 - Level 1.7 Dodging
 - Level 2.0 Spellcasting
 - Level 3.0 Conjurations


You had 10 spell levels left.
You knew the following spells:

 Your Spells              Type           Power      Damage    Failure   Level
a - Kiss of Death         Conj/Necr      24%        2d7       12%         1

Your spell library contained the following spells:

 Spells                   Type           Power      Damage    Failure   Level
 Momentum Strike          Conj/Tloc      12%        3d8       19%         2
 Blink                    Tloc           2%         N/A       32%         2
 Lesser Beckoning         Tloc           2%         N/A       32%         2
 Hailstorm                Conj/Ice       6%         3d4       34%         3


Dungeon Overview and Level Annotations

Branches:
Dungeon (5/15)             Temple (1/1) D:5

Altars:
Ashenzari
Cheibriados
Dithmenos
Fedhas
Gozag
Hepliaklqana
Kikubaaqudgha
Makhleb
Okawaru
Sif Muna
Trog
Uskayaw
Xom
Yredelemnul

Shops:
D:1 *

Annotations:
D:3 3 runed translucent doors, Newt's ghost, amateur DsGl


Innate Abilities, Weirdness & Mutations

You are partially covered in thin metallic scales. (AC +2)
You regenerate a little health from kills.
You regenerate magic rapidly.


Message History

The scorpion is moderately wounded.
The scorpion completely misses you.
You hit the scorpion.
The scorpion is moderately wounded.
The scorpion stings you. x2
You hit the scorpion but do no damage.
The scorpion is moderately wounded.
The scorpion stings you.
You puncture the scorpion!
The scorpion is severely wounded.
The scorpion barely misses you.
You hit the scorpion.
You kill the scorpion!
Makhleb accepts your kill.
The centaur shoots an arrow.
The arrow barely misses you.
You hear a shout!
Your base Axes skill increases to level 2!
You have reached level 8!
You feel agile.
The centaur unwields a +0 shortbow.
The centaur wields a +4 war axe of freezing.
It glows with a cold blue light!
The centaur completely misses you. The centaur kicks you.
The centaur closely misses you. The centaur kicks you.
You see here a scorpion corpse.
You hit the centaur but do no damage.
The centaur hits you with a +4 war axe of freezing.
The centaur freezes you. The centaur misses you.
You puncture the centaur!
The centaur is moderately wounded.
The centaur hits you with a +4 war axe of freezing!
* * * LOW HITPOINT WARNING * * *
The centaur freezes you.
* * * LOW HITPOINT WARNING * * *
The centaur kicks you but does no damage.
You barely miss the centaur.
The centaur is moderately wounded.
The centaur closely misses you. The centaur misses you.
A quokka comes into view.
The centaur hits you with a +4 war axe of freezing!
You die...

#.............##...#
#..............#...#
####.#.....###.#...#
######...#####.#...#
#............#.#...#
#>.....~~~.........'
#.#.#<.~⌠..........#
# #.#...~....###...#
#@#......#........
#c#...............
#5#########.......
..# #....... ...
#....... ....
#....... ....
#....... .r....
#....... ########


You could see a centaur, an ufetubus and a quokka (wandering).

Vanquished Creatures
  Sigmund (D:3)
  5 scorpions
  4 orc priests
  2 hounds
  Crazy Yiuf (D:3)
  3 iguanas (D:5)
  Ijyb (D:3)
  3 orc wizards
  5 adders
  A shadow imp (D:4)
  4 worms
  2 dart slugs (D:1)
  18 orcs
  7 bats
  4 endoplasms
  5 giant cockroaches
  6 goblins
  13 hobgoblins
  2 jackals (D:1)
  2 quokkas
  5 ball pythons
  2 frilled lizards (D:1)
  5 kobolds
  7 rats
108 creatures vanquished.

Vanquished Creatures (others)
  9 plants (D:2)
  12 withered plants (D:2)
21 creatures vanquished.

Grand Total: 129 creatures vanquished

Notes
Turn   | Place    | Note
-------+----------+-------------------------------------------
     0 | D:1      | barkas the Demonspawn Reaver began the quest for the Orb.
     0 | D:1      | Reached XP level 1. HP: 16/16 MP: 3/3
    84 | D:1      | Reached skill level 3 in Polearms
   152 | D:1      | Gained mutation: You are partially covered in thin metallic
                  | scales. (AC +2) [demonic ancestry]
   152 | D:1      | Reached XP level 2. HP: 22/22 MP: 5/5
   514 | D:1      | Gained mutation: You regenerate magic rapidly. [demonic
                  | ancestry]
   514 | D:1      | Reached XP level 3. HP: 28/28 MP: 6/6
   824 | D:1      | Found Fofarhas's General Store.
   829 | D:1      | Bought a scroll of teleportation for 33 gold pieces
  1119 | D:2      | Found a faded altar of an unknown god.
  1312 | D:2      | Reached skill level 4 in Polearms
  1312 | D:2      | Reached XP level 4. HP: 10/33 MP: 5/7
  1933 | D:2      | Identified the +2 robe of Honesty {rF+ rN+}
  2837 | D:3      | Reached XP level 5. HP: 21/32 MP: 8/8
  2963 | D:3      | Noticed Sigmund
  2975 | D:3      | Found a runed translucent door.
  2975 | D:3      | Noticed Crazy Yiuf
  2979 | D:3      | Killed Crazy Yiuf
  3145 | D:3      | Killed Sigmund
  3146 | D:3      | Reached skill level 5 in Polearms
  3146 | D:3      | Reached XP level 6. HP: 41/48 MP: 9/9
  3250 | D:3      | Found a faded altar of an unknown god.
  3254 | D:3      | Found a basalt altar of Yredelemnul.
  3293 | D:3      | Noticed Ijyb
  3296 | D:3      | Killed Ijyb
  3350 | D:3      | Found a runed translucent gate.
  3350 | D:3      | Found a runed translucent gate.
  3350 | D:3      | Found a runed translucent gate.
  3352 | D:3      | Noticed Newt's ghost (amateur DsGl)
  3642 | D:4      | Reached skill level 6 in Polearms
  3878 | D:4      | Found a shimmering altar of Xom.
  3943 | D:4      | Found a hide-covered altar of Uskayaw.
  3960 | D:5      | Entered Level 5 of the Dungeon
  3970 | D:5      | Gained mutation: You regenerate a little health from kills.
                  | [demonic ancestry]
  3970 | D:5      | Reached XP level 7. HP: 45/50 MP: 7/10
  4359 | D:5      | Reached skill level 5 in Fighting
  4637 | D:5      | Found a staircase to the Ecumenical Temple.
  4645 | Temple   | Entered the Ecumenical Temple
  4709 | Temple   | Became a worshipper of Makhleb the Destroyer
  5040 | D:4      | Reached skill level 1 in Axes
  5648 | D:5      | Reached XP level 8. HP: 33/51 MP: 11/11
  5651 | D:5      | Slain by a centaur

Illustrated notes

Levels and vault maps discovered:
D:1:      mrwooster_arrival_statue, layout_basic, serial_shops,
          nicolae_shop_hallway_stairs
D:2:      layout_basic, shapermc_ecumenical_altar_flowoftime, nrook_uturn,
          grunt_ministairs_9
D:3:      layout_basic, nicolae_overflow_ecumenical_swirl,
          gammafunk_ghost_nasty_kobolds, uniq_sigmund, uniq_crazy_yiuf_cottage,
          uniq_ijyb
D:4:      layout_loops_cross, old_standard_altar, lemuel_doored_altar
D:5:      layout_basic, nemelex_xobeh_ov_fountains_minmay,
          minmay_temple_entry_proselytizer, nrook_campfire,
          corexii_leaking_fountain
Temple:   cyrus_circular_temple

Skill      XL: |  1  2  3  4  5  6  7 |
---------------+----------------------+-----
Polearms       | 3 4 5 6 |  6.9
Fighting       | 3 4 5 |  5.6
Axes           | 2 |  2.2
Dodging        | |  1.7
Spellcasting   | |  2.0
Conjurations   | |  3.0

Action                     |  1- 3 |  4- 6 |  7- 9 || total
---------------------------+-------+-------+-------++-------
  Melee: Spear             |   180 |   235 |       ||   415
         Punch             |     3 |     1 |     5 ||     9
         Trident           |       |    26 |   149 ||   175
   Cast: Kiss of Death     |     1 |     3 |     4 ||     8
  Evoke: Wand              |       |    13 |       ||    13
    Use: Scroll            |       |     6 |       ||     6
   Stab: Sleeping          |     1 |       |       ||     1
 Armour: Leather armour    |    53 |    11 |       ||    64
         Robe              |       |    58 |    51 ||   109
  Dodge: Dodged            |    71 |   111 |    91 ||   273

Table legend: (Time is in decaauts)
 A = Elapsed time spent in this place.
 B = Non-inter-level travel time spent in this place.
 C = Inter-level travel time spent in this place.
 D = Time resting spent in this place.
 E = Time spent auto-exploring this place.
 F = Levels seen in this place.
 G = Mean time per level.
                   A        B        C        D        E       F      G
               +--------+--------+--------+--------+--------+-----+--------+
         Total |   5601 |   5095 |    506 |    896 |   2766 |   6 |  933.5 |
       Dungeon |   5523 |   5030 |    493 |    896 |   2766 |   5 | 1104.6 |
        Temple |     77 |     64 |     13 |      0 |      0 |   1 |   77.0 |
               +--------+--------+--------+--------+--------+-----+--------+

Top non-repeatable levels by time:
     D:3: 1326 daAuts
     D:1: 1223 daAuts
     D:2: 1201 daAuts
     D:4: 907 daAuts
     D:5: 865 daAuts
  Temple: 77 daAuts
